TOP OF THE 1ST |
Calgary Flames batting - Pitching for Houston Colt .45's : LHP Jorge Ortiz
|
Pitching: LHP Jorge Ortiz
|
|
Batting: RHB Peter Frankel
|
0-0: Called Strike 0-1: SINGLE (Flyball, 8LS, EV 91.9 MPH)
|
Batting: RHB Andre Thompson
|
0-0: Called Strike 0-1: Ball 1-1: Called Strike 1-2: Ground out 4-3 (Groundball, 34, EV 86.2 MPH) Peter Frankel to second
|
Batting: RHB Norinaga Yamakawakamatsu
|
0-0: Ball Wild Pitch! Peter Frankel to third 1-0: Ball 2-0: SINGLE (Groundball, 6M, EV 102.5 MPH) (infield hit) Peter Frankel scores
|
Batting: RHB Willie Torres
|
0-0: Called Strike 0-1: Swinging Strike 0-2: Foul Ball, location: 2F 0-2: Foul Ball, location: 2F 0-2: Ball 1-2: Strikes out looking
|
Batting: RHB Alejandro Patron
|
0-0: Fielders Choice at 2nd, 6-4 (Groundball, 56, EV 90.6 MPH)
|
Top of the 1st over - 1 run, 2 hits, 0 errors, 1 left on base; Calgary 1 - Houston 0 |
BOTTOM OF THE 1ST |
Houston Colt .45's batting - Pitching for Calgary Flames : LHP Seth Shaw
|
Pitching: LHP Seth Shaw
|
|
Batting: RHB Bill Borden
|
0-0: Called Strike 0-1: Ball 1-1: Ball 2-1: Ball 3-1: Base on Balls
|
Batting: LHB Bert Middleton
|
0-0: Ball 1-0: Called Strike 1-1: Ball 2-1: Ball 3-1: Ground out 5-3 (Groundball, 56, EV 94.4 MPH) Bill Borden to second
|
Batting: RHB Josh Reisner
|
0-0: Swinging Strike 0-1: Called Strike 0-2: Ball 1-2: Ground out 5-3 (Groundball, 5S, EV 83.8 MPH)
|
Batting: SHB Terciero Ortiz
|
0-0: Called Strike 0-1: Fly out, F8 (Flyball, 8LM, EV 93.8 MPH)
|
Bottom of the 1st over - 0 runs, 0 hits, 0 errors, 1 left on base; Calgary 1 - Houston 0 |
TOP OF THE 2ND |
Calgary Flames batting - Pitching for Houston Colt .45's : LHP Jorge Ortiz
|
Batting: RHB Chad Stady
|
0-0: Foul Ball, location: 2F 0-1: SINGLE (Groundball, 6S, EV 97.5 MPH)
|
Batting: RHB Antonio Martinez
|
0-0: Ball 1-0: Swinging Strike 1-1: Ball 2-1: Foul Ball, location: 2F 2-2: Ball 3-2: Foul Ball, location: 2F 3-2: Foul Ball, location: 2F 3-2: Base on Balls Chad Stady to second
|
Batting: RHB Tyler Johnson
|
0-0: Ball 1-0: Ball 2-0: Called Strike 2-1: Foul Ball, location: 2F 2-2: Strikes out swinging
|
Batting: RHB Pablo Henriquez
|
0-0: Called Strike 0-1: Ball 1-1: Foul Ball, location: 2F 1-2: Ball 2-2: Ball 3-2: Strikes out swinging
|
Batting: RHB Peter Frankel
|
0-0: Fly out, F7 (Line Drive, 7, EV 86.2 MPH)
|
Top of the 2nd over - 0 runs, 1 hit, 0 errors, 2 left on base; Calgary 1 - Houston 0 |
BOTTOM OF THE 2ND |
Houston Colt .45's batting - Pitching for Calgary Flames : LHP Seth Shaw
|
Batting: RHB Jamie Walker
|
0-0: Ball 1-0: Foul Ball, location: 2F 1-1: Foul Ball, location: 2F 1-2: Ball 2-2: Fly out, F8 (Flyball, 78M, EV 88.8 MPH)
|
Batting: RHB Fernando Acosta
|
0-0: Ball 1-0: Ball 2-0: Ball 3-0: Base on Balls
|
Batting: LHB Vecdi Hodensack
|
0-0: Ball 1-0: Swinging Strike 1-1: SINGLE (Flyball, 56D, EV 91.9 MPH) Fernando Acosta to second
|
Batting: LHB Casper Significant
|
0-0: Swinging Strike 0-1: Ball 1-1: Grounds into double play, 4-6-3 (Groundball, 4, EV 90.6 MPH)
|
Bottom of the 2nd over - 0 runs, 1 hit, 0 errors, 1 left on base; Calgary 1 - Houston 0 |
TOP OF THE 3RD |
Calgary Flames batting - Pitching for Houston Colt .45's : LHP Jorge Ortiz
|
Batting: RHB Andre Thompson
|
0-0: Called Strike 0-1: Called Strike 0-2: Ball 1-2: Ball 2-2: Fly out, F3 (Popup, 3D, EV 75.0 MPH)
|
Batting: RHB Norinaga Yamakawakamatsu
|
0-0: Ball 1-0: Swinging Strike 1-1: Foul Ball, location: 2F 1-2: Strikes out looking
|
Batting: RHB Willie Torres
|
0-0: Called Strike 0-1: Swinging Strike 0-2: Strikes out swinging
|
Top of the 3rd over - 0 runs, 0 hits, 0 errors, 0 left on base; Calgary 1 - Houston 0 |
BOTTOM OF THE 3RD |
Houston Colt .45's batting - Pitching for Calgary Flames : LHP Seth Shaw
|
Batting: RHB David Sanchez
|
0-0: Foul Ball, location: 2F 0-1: Ball 1-1: SINGLE (Groundball, 6D, EV 96.9 MPH)
|
Batting: RHB Bill Borden
|
0-0: SINGLE (Line Drive, 7LS, EV 93.1 MPH) David Sanchez to second
|
Batting: LHB Bert Middleton
|
0-0: Called Strike 0-1: Called Strike 0-2: Foul Ball, location: 2F 0-2: Ball 1-2: Foul Ball, location: 2F 1-2: Grounds into double play, 6-4-3 (Groundball, 6, EV 83.1 MPH) David Sanchez to third
|
Batting: RHB Josh Reisner
|
0-0: Called Strike 0-1: SINGLE (Groundball, 34D, EV 108.8 MPH) David Sanchez scores
|
Batting: SHB Terciero Ortiz
|
0-0: Called Strike 0-1: Ball 1-1: Fielders Choice at 2nd, U4 (Groundball, 4M, EV 90.0 MPH)
|
Bottom of the 3rd over - 1 run, 3 hits, 0 errors, 1 left on base; Calgary 1 - Houston 1 |
TOP OF THE 4TH |
Calgary Flames batting - Pitching for Houston Colt .45's : LHP Jorge Ortiz
|
Batting: RHB Alejandro Patron
|
0-0: Ball 1-0: Ball 2-0: Ball 3-0: Called Strike 3-1: Swinging Strike 3-2: Ground out 4-3 (Groundball, P, EV 90.0 MPH)
|
Batting: RHB Chad Stady
|
0-0: SINGLE (Groundball, 6MD, EV 97.5 MPH)
|
Batting: RHB Antonio Martinez
|
0-0: Fly out, F9 (Flyball, 89D, EV 94.4 MPH)
|
Batting: RHB Tyler Johnson
|
0-0: Fly out, F9 (Line Drive, 89M, EV 96.9 MPH)
|
Top of the 4th over - 0 runs, 1 hit, 0 errors, 1 left on base; Calgary 1 - Houston 1 |
BOTTOM OF THE 4TH |
Houston Colt .45's batting - Pitching for Calgary Flames : LHP Seth Shaw
|
Batting: RHB Jamie Walker
|
0-0: Ball 1-0: Foul Ball, location: 2F 1-1: Fly out, F8 (Flyball, 8LS, EV 83.8 MPH)
|
Batting: RHB Fernando Acosta
|
0-0: Ball 1-0: Foul Ball, location: 2F 1-1: Swinging Strike 1-2: Ball 2-2: Strikes out swinging
|
Batting: LHB Vecdi Hodensack
|
0-0: Foul Ball, location: 2F 0-1: Ground out 6-3 (Groundball, 6, EV 91.9 MPH)
|
Bottom of the 4th over - 0 runs, 0 hits, 0 errors, 0 left on base; Calgary 1 - Houston 1 |
TOP OF THE 5TH |
Calgary Flames batting - Pitching for Houston Colt .45's : LHP Jorge Ortiz
|
Batting: RHB Pablo Henriquez
|
0-0: Ball 1-0: Called Strike 1-1: Ball 2-1: Ball 3-1: Base on Balls
|
Batting: RHB Peter Frankel
|
0-0: Called Strike 0-1: Ball 1-1: Ball 2-1: Swinging Strike 2-2: Strikes out looking
|
Batting: RHB Andre Thompson
|
0-0: Ball 1-0: SINGLE (Line Drive, 34, EV 100.0 MPH) Pablo Henriquez to second Runner from 2nd tries for 3rd, SAFE, no throw by RF
|
Batting: RHB Norinaga Yamakawakamatsu
|
0-0: Ball 1-0: Ball 2-0: Foul Ball, location: 2F 2-1: Swinging Strike 2-2: Strikes out swinging
|
Batting: RHB Willie Torres
|
0-0: Swinging Strike 0-1: Fly out, F9 (Flyball, 89S, EV 93.8 MPH)
|
Top of the 5th over - 0 runs, 1 hit, 0 errors, 2 left on base; Calgary 1 - Houston 1 |
BOTTOM OF THE 5TH |
Houston Colt .45's batting - Pitching for Calgary Flames : LHP Seth Shaw
|
Batting: LHB Casper Significant
|
0-0: Ground out 6-3 (Groundball, 4M, EV 103.1 MPH)
|
Batting: RHB David Sanchez
|
0-0: Foul Ball, location: 2F 0-1: Ball 1-1: Called Strike 1-2: Ball 2-2: Ball 3-2: Strikes out looking
|
Batting: RHB Bill Borden
|
0-0: Ball 1-0: Foul Ball, location: 2F 1-1: Called Strike 1-2: Strikes out swinging
|
Bottom of the 5th over - 0 runs, 0 hits, 0 errors, 0 left on base; Calgary 1 - Houston 1 |
TOP OF THE 6TH |
Calgary Flames batting - Pitching for Houston Colt .45's : LHP Jorge Ortiz
|
Batting: RHB Alejandro Patron
|
0-0: Foul Ball, location: 2F 0-1: Foul Ball, location: 2F 0-2: SOLO HOME RUN (Flyball, 9LD, EV 93.1 MPH), Distance : 332 ft
|
Batting: RHB Chad Stady
|
0-0: Called Strike 0-1: Ball 1-1: Foul Ball, location: 2F 1-2: Strikes out swinging
|
Pitching: RHP Rory Mozer
|
|
Batting: RHB Antonio Martinez
|
0-0: Ground out 5-3 (Groundball, 5S, EV 84.4 MPH)
|
Batting: RHB Tyler Johnson
|
0-0: Fly out, F7 (Line Drive, 7, EV 94.4 MPH)
|
Top of the 6th over - 1 run, 1 hit, 0 errors, 0 left on base; Calgary 2 - Houston 1 |
BOTTOM OF THE 6TH |
Houston Colt .45's batting - Pitching for Calgary Flames : LHP Seth Shaw
|
Batting: LHB Bert Middleton
|
0-0: Ball 1-0: Ball 2-0: Called Strike 2-1: Foul Ball, location: 2F 2-2: Ground out 6-3 (Groundball, 6, EV 78.1 MPH)
|
Batting: RHB Josh Reisner
|
0-0: Called Strike 0-1: Ball 1-1: SINGLE (Groundball, 56D, EV 108.1 MPH)
|
Batting: SHB Terciero Ortiz
|
0-0: Ball 1-0: Called Strike 1-1: Ball 2-1: Ball 3-1: Foul Ball, location: 2F 3-2: Foul Ball, location: 2F 3-2: Grounds into double play, 6-4-3 (Groundball, 6, EV 101.2 MPH)
|
Bottom of the 6th over - 0 runs, 1 hit, 0 errors, 0 left on base; Calgary 2 - Houston 1 |
TOP OF THE 7TH |
Calgary Flames batting - Pitching for Houston Colt .45's : RHP Rory Mozer
|
Batting: RHB Pablo Henriquez
|
0-0: Ground out U3 (Groundball, 34, EV 103.8 MPH)
|
Batting: RHB Peter Frankel
|
0-0: Ball 1-0: Ball 2-0: Foul Ball, location: 2F 2-1: Called Strike 2-2: Fly out, F1 (Line Drive, P, EV 66.9 MPH)
|
Batting: RHB Andre Thompson
|
0-0: Foul Ball, location: 2F 0-1: Swinging Strike 0-2: Foul Ball, location: 2F 0-2: Ground out 5-3 (Groundball, 56, EV 90.0 MPH)
|
Top of the 7th over - 0 runs, 0 hits, 0 errors, 0 left on base; Calgary 2 - Houston 1 |
BOTTOM OF THE 7TH |
Houston Colt .45's batting - Pitching for Calgary Flames : LHP Seth Shaw
|
Pitching: RHP Scott Howarth
|
|
Pinch Hitting: RHB Tim Williams
|
0-0: Swinging Strike 0-1: Swinging Strike 0-2: Ball 1-2: Ball 2-2: Ball 3-2: Ground out 5-3 (Groundball, 15, EV 88.1 MPH)
|
Pinch Hitting: LHB Bob Neale
|
0-0: Called Strike 0-1: Swinging Strike 0-2: Ball 1-2: Strikes out swinging
|
Batting: LHB Vecdi Hodensack
|
0-0: Called Strike 0-1: Called Strike 0-2: Ball 1-2: Strikes out swinging
|
Bottom of the 7th over - 0 runs, 0 hits, 0 errors, 0 left on base; Calgary 2 - Houston 1 |
TOP OF THE 8TH |
Calgary Flames batting - Pitching for Houston Colt .45's : RHP Rory Mozer
|
Now at 2B: Tim Williams
|
|
Now at SS: Josh Reisner
|
|
Now in LF: Bob Neale
|
|
Batting: RHB Norinaga Yamakawakamatsu
|
0-0: Ball 1-0: Fly out, F9 (Flyball, 9, EV 92.5 MPH)
|
Batting: RHB Willie Torres
|
0-0: Ball 1-0: Ball 2-0: Called Strike 2-1: Called Strike 2-2: Foul Ball, location: 2F 2-2: Strikes out swinging
|
Batting: RHB Alejandro Patron
|
0-0: Ball 1-0: Foul Ball, location: 2F 1-1: Swinging Strike 1-2: Strikes out swinging
|
Top of the 8th over - 0 runs, 0 hits, 0 errors, 0 left on base; Calgary 2 - Houston 1 |
BOTTOM OF THE 8TH |
Houston Colt .45's batting - Pitching for Calgary Flames : RHP Scott Howarth
|
Batting: LHB Casper Significant
|
0-0: Ball 1-0: Ball 2-0: Foul Ball, location: 2F 2-1: Ball 3-1: Swinging Strike 3-2: Base on Balls
|
Batting: RHB David Sanchez
|
0-0: Called Strike 0-1: Ball 1-1: Ball 2-1: Foul Ball, location: 2F 2-2: Strikes out looking
|
Batting: RHB Bill Borden
|
0-0: Called Strike 0-1: Foul Ball, location: 2F 0-2: Ball 1-2: Ball Wild Pitch! Casper Significant to second 2-2: Strikes out swinging
|
Batting: LHB Bert Middleton
|
0-0: Called Strike 0-1: Ball 1-1: Ball 2-1: Ball Wild Pitch! Casper Significant to third 3-1: Foul Ball, location: 2F 3-2: Foul Ball, location: 2F 3-2: Foul Ball, location: 2F 3-2: Strikes out looking
|
Bottom of the 8th over - 0 runs, 0 hits, 0 errors, 1 left on base; Calgary 2 - Houston 1 |
TOP OF THE 9TH |
Calgary Flames batting - Pitching for Houston Colt .45's : RHP Rory Mozer
|
Pinch Hitting: RHB Ahmed Elezi
|
0-0: Ball 1-0: Called Strike 1-1: Fly out, F8 (Flyball, 8LM, EV 82.5 MPH)
|
Batting: RHB Antonio Martinez
|
0-0: Ball 1-0: Fly out, F9 (Flyball, 9, EV 72.5 MPH)
|
Batting: RHB Tyler Johnson
|
0-0: Ball 1-0: Foul Ball, location: 2F 1-1: Called Strike 1-2: Fly out, F7 (Flyball, 78M, EV 83.8 MPH)
|
Top of the 9th over - 0 runs, 0 hits, 0 errors, 0 left on base; Calgary 2 - Houston 1 |
BOTTOM OF THE 9TH |
Houston Colt .45's batting - Pitching for Calgary Flames : RHP Scott Howarth
|
Pitching: RHP Jarrod Boncek
|
|
Now at C: Rod Johnson
|
|
Batting: RHB Josh Reisner
|
0-0: Ball 1-0: Called Strike 1-1: Swinging Strike 1-2: Strikes out swinging
|
Batting: SHB Terciero Ortiz
|
0-0: Foul Ball, location: 2F 0-1: Ball 1-1: Ball 2-1: Called Strike 2-2: Ball 3-2: Base on Balls
|
Batting: RHB Tim Williams
|
0-0: Ball 1-0: Swinging Strike 1-1: Ball 2-1: Foul Ball, location: 2F 2-2: Strikes out swinging
|
Batting: LHB Bob Neale
|
0-0: Called Strike 0-1: Called Strike 0-2: Ball 1-2: Ground out 4-3 (Groundball, 4, EV 87.5 MPH)
|
Bottom of the 9th over - 0 runs, 0 hits, 0 errors, 1 left on base; Calgary 2 - Houston 1 |
|